 Dungeon Crawl Stone Soup version 0.30-a0-883-g5ad918d77d (webtiles) character file.

Game seed: 3778944299360302550

141 avis the Insei (level 4, -2/37 HPs)
             Began as a Demigod Transmuter on Mar 16, 2023.
             Slain by Sigmund
             ... wielding a +2 scythe of protection
              (12 damage)
             ... on level 3 of the Dungeon.
             The game lasted 00:11:45 (1920 turns).

avis the Insei (Demigod Transmuter)                 Turns: 1920, Time: 00:11:46

Health: -2/37      AC:  2    Str: 11    XL:     4   Next: 73%
Magic:  6/9        EV: 20    Int: 15    God:
Gold:   171        SH:  0    Dex: 23    Spells: 1/7 levels left

rFire   . . .      SeeInvis .      - Unarmed
rCold   . . .      Faith    .    (shield currently unavailable)
rNeg    . . .      Spirit   .    a - melded +0 robe
rPois   x          Reflect  .    (helmet currently unavailable)
rElec   .          Rampage  .    o - melded +0 cloak
rCorr   .                        g - melded +1 pair of gloves
Will    .....                    (boots currently unavailable)
Stlth   ++                       (no amulet)
HPRegen 0.26/turn                f - ring of wizardry
MPRegen 0.11/turn                (no ring)

@: spider-form (expiring)
A: venomous fangs, tiny, high MP 1, forlorn, divine attributes
a: End Transformation


You were on level 3 of the Dungeon.
You were a venomous arachnid creature.
You visited 1 branch of the dungeon, and saw 3 of its levels.

You collected 171 gold pieces.

Inventory:

Hand Weapons
 b - a +3 sling
Missiles
 p - a throwing net
Armour
 a - a +0 robe (melded)
 g - a +1 pair of gloves (melded)
 k - a +1 ring mail of fire resistance
 o - a +0 cloak (melded)
 u - a +0 helmet
Jewellery
 f - a ring of wizardry (left front pincers)
Scrolls
 d - a scroll of acquirement {unknown}
 h - 3 scrolls of identify {unknown}
 j - a scroll of poison {unknown}
 l - a scroll of blinking {unknown}
 m - a scroll of torment {unknown}
 s - 4 scrolls of teleportation {unknown}
 t - 2 scrolls of silence {unknown}
 v - a scroll of noise {unknown}
 w - a scroll of immolation {unknown}
Potions
 c - 2 potions of haste {unknown}
 e - a potion of berserk rage {unknown}
 i - 2 potions of mutation {unknown}
 n - a potion of cancellation {unknown}
 q - a potion of ambrosia {unknown}
 r - a potion of lignification


   Skills:
 * Level 2.4 Fighting
 - Level 2.0 Dodging
 - Level 1.0 Stealth
 - Level 4.0 Unarmed Combat
 - Level 2.0 Spellcasting
 - Level 2.0 Transmutations
 - Level 1.0 Poison Magic


You had one spell level left.
You knew the following spells:

 Your Spells              Type           Power      Damage    Failure   Level
a - Beastly Appendage     Tmut           14%        N/A       10%         1
e - Wereblood             Tmut           7%         N/A       13%         2
p - Spider Form           Tmut/Pois      6%         N/A       26%         3

Your spell library contained the following spells:

 Spells                   Type           Power      Damage    Failure   Level
 Cigotuvi's Dreadful Rot  Necr/Pois/Air  4%         N/A       24%         2
 Vhi's Electric Charge    Tloc/Air       2%         N/A       41%         3
 Ice Form                 Ice/Tmut       4%         N/A       65%         4
 Dispel Undead            Necr           1%         3d6       77%         4
 Arcjolt                  Conj/Air       0%         1d10      96%         5
 Death Channel            Necr           0%         N/A       100%        6
 Maxwell's Capacitive Co  Air            0%         ∞         100%        8


Dungeon Overview and Level Annotations

Branches:
Dungeon (3/15)

Annotations:
D:3 Sigmund


Innate Abilities, Weirdness & Mutations

You are a venomous arachnid creature.
You have venomous fangs.
You are tiny and dextrous.
Your spellcasting is less reliable in this form.
Your armour is entirely melded.
You are incapable of wielding weapons or throwing items.
You have an increased reservoir of magic. (+10% MP)
You shall have no god before yourself.
Your divine heritage dramatically boosts your attributes as you level up.


Message History

Casting: Spider Form (quite dangerous; 14% risk of failure)
Confirm with . or Enter, or press ? or * to list all spells.
You grow a pair of large bovine horns.
Your feet morph into talons.
The ball python barely misses you. The ball python completely misses you.
You hit the ball python.
You kill the ball python!
Casting: Beastly Appendage (safe; 4% risk of failure)
Confirm with . or Enter, or press ? or * to list all spells.
The spell is quite dangerous to miscast (14% risk of failure)!
Continue anyway?
Your horns disappear.
Your talons disappear.
You turn into a venomous arachnid creature.
Your +0 cloak melds into your body.
Your +1 pair of gloves melds into your body.
Your +0 robe melds into your body.
Sigmund barely misses you.
You hit Sigmund but do no damage. You hit Sigmund but do no damage.
Sigmund barely misses you.
You completely miss Sigmund.
Your transformation is almost over.
Sigmund hits you with a +2 scythe of protection!
You hit Sigmund.
Sigmund is poisoned.
Sigmund is lightly wounded.
You hit Sigmund but do no damage.
Sigmund is lightly wounded.
Sigmund gestures at you while chanting. The magic dart hits you!
You hit Sigmund.
Sigmund looks as sick as possible!
Sigmund is moderately wounded.
Sigmund points at you and mumbles some strange words.
The magic dart hits you!
* * * LOW HITPOINT WARNING * * *
You hit Sigmund but do no damage.
Sigmund looks as sick as possible!
Sigmund is moderately wounded.
Sigmund misses you.
You hit Sigmund.
Sigmund is severely wounded.
You hit Sigmund.
Sigmund looks as sick as possible!
Sigmund is almost dead.
Sigmund hits you with a +2 scythe of protection!
You die...

.... ..
#####.#..##.##.
#..............
#.###.....###..
#.#####_#####..
..###.....###..
.......@......#
#.†s....#
###.#####
##.#######
#........# #+#
#..#####.# #.#
#..## #.# #.#
#...####.#
##.##
#.....##.#
##...##
#...#†##.#
#.....##


You could see Sigmund (extremely poisoned).

Vanquished Creatures
  An orc priest (D:2)
  A hound (D:2)
  4 adders (D:2)
  A worm (D:2)
  2 orcs (D:3)
  2 ball pythons
  2 endoplasms (D:1)
  2 giant cockroaches (D:1)
  9 goblins
  4 hobgoblins
  4 jackals (D:1)
  A kobold (D:1)
  A quokka (D:1)
  2 bats
  2 frilled lizards
  3 rats (D:1)
41 creatures vanquished.

Vanquished Creatures (others)
  8 plants (D:1)
8 creatures vanquished.

Grand Total: 49 creatures vanquished

Notes
Turn   | Place    | Note
-------+----------+-------------------------------------------
     0 | D:1      | avis the Demigod Transmuter began the quest for the Orb.
     0 | D:1      | Reached XP level 1. HP: 15/15 MP: 5/5
   312 | D:1      | Reached skill level 3 in Unarmed Combat
   367 | D:1      | Reached XP level 2. HP: 22/22 MP: 5/7
   912 | D:2      | Reached skill level 4 in Unarmed Combat
   912 | D:2      | Reached skill level 1 in Fighting
   912 | D:2      | Reached XP level 3. HP: 23/28 MP: 6/8
  1182 | D:2      | Reached XP level 4. HP: 36/36 MP: 9/9
  1186 | D:2      | Learned a level 3 spell: Spider Form
  1189 | D:2      | Learned a level 2 spell: Wereblood
  1197 | D:2      | Reached skill level 1 in Stealth
  1765 | D:2      | Reached skill level 1 in Poison Magic
  1904 | D:3      | Noticed Sigmund
  1920 | D:3      | Slain by Sigmund

Illustrated notes

Levels and vault maps discovered:
D:1:      dpeg_arrival_shelter, layout_basic, serial_bayou_pond_c,
          minmay_crystal_room
D:2:      layout_basic, kennysheep_generic_room_10
D:3:      layout_loops_corners, cheibrodos_ashenzari_chains,
          basic_ecumenical_altar, serial_shops, shop, minmay_tree_intersection,
          uniq_sigmund

Skill      XL: |  1  2  3  4 |
---------------+-------------+-----
Unarmed Combat | 3 4 |  4.0
Fighting       | 1 2 |  2.4
Dodging        | 2 |  2.0
Stealth        | 1 |  1.0
Spellcasting   | 2 |  2.0
Transmutations | 2 |  2.0
Poison Magic   | 1 |  1.0

Action                     |  1- 3 |  4- 6 || total
---------------------------+-------+-------++-------
  Melee: Unarmed           |    64 |    25 ||    89
         Kick              |    19 |     2 ||    21
         Headbutt          |     8 |     2 ||    10
         Punch             |     1 |       ||     1
   Fire: Sling             |    29 |    20 ||    49
   Cast: Beastly Appendage |    19 |     5 ||    24
         Spider Form       |       |     2 ||     2
 Armour: Robe              |    16 |     5 ||    21
  Dodge: Dodged            |    51 |    21 ||    72

Table legend: (Time is in decaauts)
 A = Elapsed time spent in this place.
 B = Non-inter-level travel time spent in this place.
 C = Inter-level travel time spent in this place.
 D = Time resting spent in this place.
 E = Time spent auto-exploring this place.
 F = Levels seen in this place.
 G = Mean time per level.
                   A        B        C        D        E       F      G
               +--------+--------+--------+--------+--------+-----+--------+
         Total |   1929 |   1746 |    183 |    414 |    791 |   3 |  643.0 |
       Dungeon |   1929 |   1746 |    183 |    414 |    791 |   3 |  643.0 |
               +--------+--------+--------+--------+--------+-----+--------+

Top non-repeatable levels by time:
     D:2: 911 daAuts
     D:1: 848 daAuts
     D:3: 169 daAuts
